 Dungeon Crawl Stone Soup version 0.29-a0-416-g83a48905f1 (webtiles) character file.

Game seed: 10740101366076952748

9 HendSelp the Poker (level 2, 0/19 HPs)
             Began as a Tengu Monk on May 16, 2022.
             Slain by a ball python (2 damage)
             ... on level 1 of the Dungeon.
             The game lasted 00:00:23 (185 turns).

HendSelp the Poker (Tengu Monk)                      Turns: 185, Time: 00:00:24

Health: 0/19       AC:  2    Str: 11    XL:     2   Next: 12%
Magic:  3/3        EV: 10    Int: 10    God:
Gold:   0          SH:  0    Dex: 16    Spells: 1/1 levels left

rFire   . . .      SeeInvis .   a - +0 spear
rCold   . . .      Faith    .   (no shield)
rNeg    . . .      Spirit   .   b - +0 robe
rPois   .          Reflect  .   (helmet restricted)
rElec   .          Harm     .   (no cloak)
rCorr   .          Rampage  .   (no gloves)
Will    .....                   (boots unavailable)
Stlth   ++........              (no amulet)
HPRegen 0.06/turn               (no ring)
MPRegen 0.08/turn               (no ring)

@: constricted
A: beak, talons 3
a: no special abilities


You were on level 1 of the Dungeon.
You visited 1 branch of the dungeon, and saw 1 of its levels.

Inventory:

Hand Weapons
 a - a +0 spear (weapon)
Armour
 b - a +0 robe (worn)
Potions
 c - 2 potions of ambrosia
 d - a potion of lignification {unknown}


   Skills:
 + Level 3.1 Fighting
 + Level 3.6 Polearms
 + Level 3.5 Dodging
 - Level 2.0 Stealth


You had one spell level left.
You didn't know any spells.
Your spell library was empty.

Dungeon Overview and Level Annotations

Branches:
Dungeon (1/15)

Altars:


Innate Abilities, Weirdness & Mutations

You have a beak for a mouth.
You have claws for feet.


Message History

The ball python misses you. The ball python barely misses you.
The ball python closely misses you. The ball python misses you.
The ball python closely misses you. x3; The ball python grabs you.
The ball python constricts you.
The ball python bites you but does no damage.
The ball python constricts you. The ball python closely misses you.
The ball python constricts you.
The ball python bites you but does no damage.
The ball python constricts you. The ball python bites you.
The ball python constricts you. The ball python barely misses you.
The ball python constricts you. The ball python barely misses you.
The ball python constricts you. The ball python bites you.
The ball python constricts you. The ball python closely misses you.
The ball python constricts you. The ball python closely misses you.
The ball python constricts you. The ball python barely misses you.
The ball python constricts you. The ball python closely misses you.
The ball python constricts you. The ball python bites you.
The ball python constricts you. The ball python barely misses you.
The ball python constricts you. The ball python bites you.
The ball python constricts you. The ball python closely misses you.
The ball python constricts you.
The ball python bites you but does no damage.
The ball python constricts you.
* * * LOW HITPOINT WARNING * * *
The ball python bites you.
* * * LOW HITPOINT WARNING * * *
The ball python constricts you.
The ball python bites you but does no damage.
The ball python constricts you. The ball python barely misses you.
The ball python constricts you. The ball python barely misses you.
The ball python constricts you. The ball python barely misses you.
The ball python constricts you. The ball python closely misses you.
The ball python constricts you.
* * * LOW HITPOINT WARNING * * *
The ball python bites you.
* * * LOW HITPOINT WARNING * * *
The ball python constricts you.
* * * LOW HITPOINT WARNING * * *
The ball python bites you.
You die...

# ### #.# #...#
#.####.## #.# #.#>#
#.......###.#####.#.#
#.##.....##.......#.#
#...........####.#
###.######### #[# #)#
####.# #.# #....#
##'## #@#### ##...##
#S# ##.....## #.#
##...†...## #.#
##.........# ...
.'.........+ ...
##.........# ...
##.......## ##(##
##.....##


You could see a ball python.

Vanquished Creatures
  2 goblins (D:1)
  2 hobgoblins (D:1)
  A ball python (D:1)
  A bat (D:1)
  A frilled lizard (D:1)
  2 rats (D:1)
9 creatures vanquished.

Notes
Turn   | Place    | Note
-------+----------+-------------------------------------------
     0 | D:1      | HendSelp the Tengu Monk began the quest for the Orb.
     0 | D:1      | Reached XP level 1. HP: 14/14 MP: 2/2
   104 | D:1      | Reached XP level 2. HP: 19/19 MP: 3/3
   185 | D:1      | Slain by a ball python

Illustrated notes

Levels and vault maps discovered:
D:1:      dpeg_arrival_simpleton_c, layout_loops_corners,
          shapermc_ecumenical_altar_mp_highgroup

Action                   || total
-------------------------++-------
Melee: Spear             ||    19
       Kick              ||     2
 Stab: Sleeping          ||     2
Armor: Robe              ||     6
Dodge: Dodged            ||    30

Table legend: (Time is in decaauts)
 A = Elapsed time spent in this place.
 B = Non-inter-level travel time spent in this place.
 C = Inter-level travel time spent in this place.
 D = Time resting spent in this place.
 E = Time spent auto-exploring this place.
 F = Levels seen in this place.
 G = Mean time per level.
                   A        B        C        D        E       F      G
               +--------+--------+--------+--------+--------+-----+--------+
         Total |    183 |    183 |      0 |      0 |     86 |   1 |  183.0 |
       Dungeon |    183 |    183 |      0 |      0 |     86 |   1 |  183.0 |
               +--------+--------+--------+--------+--------+-----+--------+

Top non-repeatable levels by time:
     D:1: 183 daAuts
